 Dungeon Crawl Stone Soup version 0.26.1-10-gdfb7c7de75 (webtiles) character file.

Game seed: 6639351472424652822

3314 lauthentik the Covert (level 9, -1/54 HPs)
             Began as a Vampire Enchanter on Apr 8, 2021.
             Slain by a yak (11 damage)
             ... on level 7 of the Dungeon.
             The game lasted 00:32:47 (7386 turns).

lauthentik the Covert (Vampire Enchanter)           Turns: 7386, Time: 00:32:48

Health: -1/54      AC:  7    Str:  7    XL:     9   Next: 70%
Magic:  11/16      EV: 14    Int: 20    God:
Gold:   485        SH:  0    Dex: 15    Spells: 12/18 levels left

rFire    . . .     SeeInvis +   L - +2 long sword (elec)
rCold    . . .     Faith    .   (no shield)
rNeg     + + .     Spirit   .   P - +0 robe of Dean {Rampage rElec rN++ Regen+}
rPois    .         Reflect  .   O - +0 helmet
rElec    +         Harm     .   G - +0 cloak
rCorr    .         Rampage  +   w - +0 pair of gloves
Will     .....                  S - +1 pair of boots
Stlth    ++++++....             n - amulet of the acrobat
HPRegen  0.78/turn              r - ring of stealth
MPRegen  0.15/turn              (no ring)

@: regenerating quickly
A: fangs 3, see invisible, [frail 1], unbreathing
a: Exsanguinate


You were on level 7 of the Dungeon.
You visited 2 branches of the dungeon, and saw 8 of its levels.
You also visited: Sewer.

You collected 485 gold pieces.

Inventory:

Hand Weapons
 a - a +2 dagger
 s - a +1 dagger of speed
 C - a +1 spear of venom
 L - a +2 long sword of electrocution (weapon)
Missiles
 t - 14 boomerangs
 B - 2 throwing nets
 F - 23 poisoned darts (quivered)
Armour
 j - a +1 robe of fire resistance
 k - a +0 helmet
 w - a +0 pair of gloves (worn)
 x - a +2 robe of willpower
 G - a +0 cloak (worn)
 I - a +1 robe of cold resistance
 M - +0 swamp dragon scales
 O - a +0 helmet (worn)
 P - the +0 robe of Dean (worn) {Rampage rElec rN++ Regen+}
   (You found it on level 6 of the Dungeon)

   It insulates you from electricity.
   It greatly protects you from negative energy.
   It increases your rate of regeneration.
   It bestows one free step when moving towards enemies.
 R - the +1 robe of Illeppis {rPois rC++ Will- Regen+}
   (You found it on level 6 of the Dungeon)

   It greatly protects you from cold.
   It protects you from poison.
   It affects your willpower, your defense against some magical effects.
   It increases your rate of regeneration.
 S - a +1 pair of boots (worn)
Jewellery
 n - an amulet of the acrobat (around neck)
 r - a ring of stealth (left hand)
 V - an uncursed amulet of reflection {unknown}
Wands
 D - a wand of random effects (14)
 J - a wand of enslavement (10)
 N - a wand of disintegration (6)
 Q - a wand of flame (40)
Scrolls
 g - 6 scrolls of remove curse
 h - 2 scrolls of fog {unknown}
 l - 4 scrolls of amnesia {unknown}
 m - 3 scrolls of teleportation {unknown}
 o - 11 scrolls of identify {unknown}
 p - 4 scrolls of immolation {unknown}
 u - a scroll of blinking {unknown}
 y - 2 scrolls of noise {unknown}
 E - a scroll of fear
 T - a scroll of holy word {unknown}
 U - a scroll of random uselessness {unknown}
Potions
 b - 5 potions of heal wounds {unknown}
 c - a potion of magic {unknown}
 d - 11 potions of curing {unknown}
 e - 4 potions of attraction {unknown}
 f - 2 potions of degeneration {unknown}
 i - 4 potions of brilliance {unknown}
 q - a potion of cancellation {unknown}
 v - a potion of resistance {unknown}
 z - 2 potions of ambrosia {unknown}
 A - 2 potions of might {unknown}
 H - 2 potions of flight {unknown}
 K - 2 potions of lignification {unknown}


   Skills:
 + Level 2.1 Fighting
 + Level 4.8 Short Blades
 + Level 0.2 Throwing
 + Level 3.8 Dodging
 + Level 13.5 Stealth
 + Level 5.2 Spellcasting
 + Level 8.5 Hexes
 + Level 4.8 Ice Magic


You had 12 spell levels left.
You knew the following spells:

 Your Spells              Type           Power        Failure   Level
a - Ensorcelled Hibernat  Hex/Ice        62%          1%          2
b - Corona                Hex            43%          1%          1
c - Confusing Touch       Hex            39%          1%          3

Your spell library contained the following spells:

 Spells                   Type           Power        Failure   Level
 Freeze                   Ice            96%          1%          1
 Tukima's Dance           Hex            39%          1%          3
 Frozen Ramparts          Ice            48%          4%          3
 Ozocubu's Armour         Ice            24%          4%          3
 Dazzling Flash           Conj/Hex       44%          6%          3
 Hailstorm                Conj/Ice       14%          38%         4
 Summon Ice Beast         Ice/Summ       14%          38%         4


Dungeon Overview and Level Annotations

Branches:
Dungeon (7/15)             Temple (1/1) D:4           Sewer (visited)

Altars:
Cheibriados
Elyvilon
Gozag
Hepliaklqana
Makhleb
Nemelex Xobeh
Qazlal
Ru
Sif Muna
Uskayaw
Vehumet
Yredelemnul
Zin
The Shining One
Jiyva

Shops:
D:6 *


Innate Abilities, Weirdness & Mutations

Your natural rate of healing is unusually fast.
You have razor-sharp teeth.
You have supernaturally acute eyesight. (SInv)
You can survive without breathing.
[You are frail. (-10% HP)]


Message History

* * * LOW HITPOINT WARNING * * *
You hit the yak but do no damage.
The yak appears confused.
The yak barely misses you.
You hit the yak.
The yak is lightly wounded.
The yak barely misses the yak.
The yak gores the yak.
You begin the revivification ritual.
You continue your ritual. x5
The yak barely misses you. x2
Now alive.
You feel frail. The yak misses you.
You hit the yak but do no damage. Your bite misses the yak. The yak gores you.
* * * LOW HITPOINT WARNING * * *
You hear the crackle of electricity.
L - a +2 long sword of electrocution (weapon)
You hit the yak.
The yak is lightly wounded.
The yak gores you!
You die...

##................
#..###.###....###### #.# #..#
#.# #.........#
#####.####..###+###.)######.#
###.............+_###.## #.#
#.....#.......###+###.# #.#
###.....######..# #.# #.# #..
..†.............###.###.# #.#
#..†..######..@YYY....# #.#
#..†..# #########.## #.#
###.##########.YY....# #.#
#.............Y####### #.#
#.#.############ #.# ...#..
#.# .#. #.. #<. #. ....
#####.. . .... #......


You could see 3 yaks.

Vanquished Creatures
  Maggie (D:6)
  Sigmund (D:5)
  3 yaks (D:7)
  An orc warrior (D:6)
  3 ice beasts
  A sky beast (D:6)
  2 ogres
  A centaur (D:7)
  7 big kobolds (Sewer)
  2 bullfrogs (D:6)
  2 scorpions
  3 howler monkeys
  An electric eel (D:7)
  A quasit (D:6)
  A bullfrog skeleton (D:4)
  3 orc priests
  7 hounds
  5 orc wizards
  A centaur skeleton (D:2)
  Jessica (D:2)
  2 worker ants
  7 adders
  7 gnolls
  A shadow imp (D:6)
  A white imp (D:6)
  An ufetubus (D:6)
  An ooze (D:1)
  5 worms
  2 dart slugs
  2 leopard geckos
  20 orcs
  7 bats
  10 giant cockroaches
  5 goblins
  4 hobgoblins
  11 jackals
  3 quokkas
  3 ball pythons
  7 frilled lizards
  15 kobolds
  A quokka skeleton (D:4)
  6 rats
168 creatures vanquished.

Vanquished Creatures (others)
  An orc warrior (D:7)
  3 ogres (D:7)
  A bullfrog (D:7)
  A hound (D:7)
  A quasit (D:7)
  An adder (D:7)
  A gnoll (D:7)
  An orc (D:7)
  9 plants (D:7)
19 creatures vanquished.

Grand Total: 187 creatures vanquished

Notes
Turn   | Place    | Note
-------+----------+-------------------------------------------
     0 | D:1      | lauthentik the Vampire Enchanter began the quest for the
                  | Orb.
     0 | D:1      | Reached XP level 1. HP: 13/13 MP: 3/3
   198 | D:1      | Reached XP level 2. HP: 19/19 MP: 3/5
   380 | D:1      | Learned a level 2 spell: Ensorcelled Hibernation
   407 | D:1      | Reached skill level 5 in Hexes
  1021 | D:2      | Reached skill level 5 in Stealth
  1021 | D:2      | Reached XP level 3. HP: 24/24 MP: 0/6
  1276 | D:2      | Found a faded altar of an unknown god.
  1349 | D:2      | Reached XP level 4. HP: 29/30 MP: 4/7
  1444 | D:2      | Learned a level 3 spell: Confusing Touch
  1629 | D:2      | Found a glowing golden altar of the Shining One.
  1821 | D:2      | Noticed Jessica
  1861 | D:2      | Killed Jessica
  1862 | D:2      | Reached skill level 6 in Stealth
  1862 | D:2      | Reached skill level 1 in Ice Magic
  2037 | D:3      | Reached XP level 5. HP: 28/28 MP: 8/8
  2444 | D:3      | Found a white marble altar of Elyvilon.
  2451 | D:3      | Reached skill level 1 in Fighting
  2578 | D:3      | Reached XP level 6. HP: 34/34 MP: 1/10
  3376 | D:4      | Found a sacrificial altar of Ru.
  3538 | D:4      | Reached skill level 7 in Stealth
  4093 | D:4      | Found a staircase to the Ecumenical Temple.
  4377 | Temple   | Entered the Ecumenical Temple
  4517 | D:5      | Entered Level 5 of the Dungeon
  4562 | D:5      | Reached skill level 8 in Stealth
  4562 | D:5      | Reached XP level 7. HP: 38/38 MP: 10/12
  4654 | D:5      | Found a glowing drain.
  4674 | Sewer    | Entered a sewer
  4935 | Sewer    | Reached skill level 9 in Stealth
  5128 | Sewer    | Reached XP level 8. HP: 43/43 MP: 7/13
  5356 | D:5      | Noticed Sigmund
  5376 | D:5      | Killed Sigmund
  5377 | D:5      | Reached skill level 10 in Stealth
  5620 | D:5      | Found a sparkling altar of Nemelex Xobeh.
  5993 | D:6      | Found Miresuq's Assorted Antiques.
  6012 | D:6      | Reached skill level 11 in Stealth
  6079 | D:6      | Found a stormy altar of Qazlal.
  6113 | D:6      | Noticed Maggie
  6137 | D:6      | Killed Maggie
  6138 | D:6      | Reached XP level 9. HP: 37/48 MP: 6/16
  6331 | D:6      | Found a burning altar of Makhleb.
  6423 | D:6      | Got a heavy robe
  6434 | D:6      | Identified the +0 robe of Dean {Rampage rElec rN++ Regen+}
                  | (You found it on level 6 of the Dungeon)
  6455 | D:6      | Reached skill level 12 in Stealth
  6644 | D:6      | Got a sheer robe
  6655 | D:6      | Identified the +1 robe of Illeppis {rPois rC++ Will-
                  | Regen+} (You found it on level 6 of the Dungeon)
  6792 | D:6      | Found the +7 great mace "Undeadhunter" {disrupt, rN+}
  7216 | D:7      | Reached skill level 5 in Spellcasting
  7283 | D:7      | Found a glowing silver altar of Zin.
  7341 | D:7      | Reached skill level 13 in Stealth
  7386 | D:7      | Slain by a yak

Illustrated notes

Levels and vault maps discovered:
D:1:      dpeg_arrival_ternary, layout_loops_ring, minmay_pentomino_p2
D:2:      layout_rooms, general_overflow_altar, chequers_ecumenical_altar_grove,
          hangedman_decor_points, kennysheep_jessica_study
D:3:      layout_basic, nicolae_overflow_crystal_walls,
          chequers_serial_rivers_small_a, minmay_misc_feat_cross,
          cheibrodos_gnoll_hut
D:4:      layout_basic, nicolae_ru_sacrificial_ziggurat,
          minmay_temple_entry_glass
D:5:      layout_cave_pools, nemelex_xobeh_ov_fountains_minmay,
          gup_sewer_entry_glass, uniq_sigmund
D:6:      layout_loops_ring, bloody_makhleb, kennysheep_little_box,
          serial_shops, shop, uniq_maggie
D:7:      layout_loops_ring, lemuel_doored_altar, xom_confusion_cloud,
          chequers_big_river, nicolae_dithmenos_the_darkroom
Temple:   pf_slime_end_temple

Skill      XL: |  1  2  3  4  5  6  7  8  9 |
---------------+----------------------------+-----
Hexes          | 5 6 7 8 |  8.5
Stealth        | 5 6 8 9 11 13 | 13.5
Short Blades   | 2 3 4 |  4.8
Ice Magic      | 1 2 4 |  4.8
Fighting       | 1 2 |  2.1
Spellcasting   | 3 4 5 |  5.2
Dodging        | 3 |  3.8
Throwing       | |  0.2

Action                   |  1- 3 |  4- 6 |  7- 9 || total
-------------------------+-------+-------+-------++-------
Melee: Dagger            |   117 |   166 |   190 ||   473
       Bite              |     8 |    12 |    12 ||    32
       Long sword        |       |       |     1 ||     1
Throw: Dart              |       |       |     4 ||     4
 Cast: Corona            |     7 |       |       ||     7
       Ensorcelled Hiber |    15 |    47 |    71 ||   133
       Confusing Touch   |       |       |     3 ||     3
 Abil: Exsanguinate      |       |     1 |       ||     1
       Revivify          |       |       |     1 ||     1
  Use: Scroll            |     3 |       |       ||     3
 Stab: Sleeping          |    19 |    39 |    69 ||   127
       Confused          |       |       |     2 ||     2
Armor: Robe              |    27 |    39 |    33 ||    99
Dodge: Dodged            |    75 |   108 |   112 ||   295
